 Dungeon Crawl Stone Soup version 0.29.0 (webtiles) character file.

Game seed: 8290466139256571229

518 catcat the Chopper (level 7, -9/61 HPs)
             Began as a Minotaur Cinder Acolyte on Sept 2, 2022.
             Was a High Priest of Ignis.
             Mangled by an ogre
             ... wielding a +0 giant club
              (19 damage)
             ... on level 4 of the Dungeon.
             The game lasted 00:05:51 (3472 turns).

catcat the Chopper (Minotaur Cinder Acolyte)        Turns: 3472, Time: 00:05:52

Health: -9/61      AC: 10    Str: 21    XL:     7   Next: 1%
Magic:  7/7        EV:  7    Int: 11    God:    Ignis [*****.]
Gold:   116        SH:  0    Dex:  5    Spells: 8/8 levels left

rFire   + . .      SeeInvis .   a - -1 hand axe (flame)
rCold   . . .      Faith    .   (no shield)
rNeg    . . .      Spirit   .   i - +0 chain mail
rPois   .          Reflect  .   (helmet restricted)
rElec   .          Harm     .   (no cloak)
rCorr   .          Rampage  .   (no gloves)
Will    .....                   q - +0 pair of boots
Stlth   ..........              (no amulet)
HPRegen 0.20/turn               (no ring)
MPRegen 0.10/turn               (no ring)

@: no status effects
A: horns 2, retaliatory headbutt
a: Renounce Religion, Fiery Armour, Foxfire Swarm, Rising Flame


You were on level 4 of the Dungeon.
You worshipped Ignis.
Ignis was extremely pleased with you.
You visited 1 branch of the dungeon, and saw 4 of its levels.
You also visited: Sewer.

You collected 116 gold pieces.

Inventory:

Hand Weapons
 a - a -1 hand axe of flaming (weapon)
 j - a +2 flail of venom
Missiles
 l - 6 boomerangs (quivered)
Armour
 b - a +0 robe
 d - a +0 scale mail
 i - a +0 chain mail (worn)
 q - a +0 pair of boots (worn)
Scrolls
 c - a scroll of magic mapping {unknown}
 e - a scroll of poison {unknown}
 g - 2 scrolls of butterflies
 h - a scroll of silence {unknown}
 m - a scroll of vulnerability {unknown}
 n - a scroll of amnesia {unknown}
 p - 2 scrolls of blinking
 r - a scroll of enchant armour {unknown}
 s - 6 scrolls of fear {unknown}
 u - a scroll of teleportation {unknown}
 w - a scroll of enchant weapon
Potions
 k - a potion of magic
 o - a potion of degeneration
 t - a potion of resistance
 v - a potion of heal wounds


   Skills:
 - Level 5.0 Fighting
 * Level 7.8 Axes
 - Level 4.0 Armour
 + Level 0.5 Dodging
 - Level 1.0 Spellcasting
 - Level 2.1 Fire Magic


You had 8 spell levels left.
You didn't know any spells.
Your spell library contained the following spells:

 Spells                   Type           Power      Damage    Failure   Level
 Scorch                   Fire           10%        2d5       87%         2
 Slow                     Hex            0%         N/A       96%         1
 Confusing Touch          Hex            0%         N/A       100%        3
 Vampiric Draining        Necr           0%         2d6       100%        3


Dungeon Overview and Level Annotations

Branches:
Dungeon (4/15)              Sewer (visited)
 Temple: D:4-7

Altars:
Hepliaklqana

Shops:
D:1 (


Innate Abilities, Weirdness & Mutations

You have a pair of horns on your head.
You reflexively headbutt those who attack you in melee.


Message History

You see here a scroll of identify.
You closely miss the quokka. You headbutt the quokka.
You kill the quokka!
The worm closely misses you. You furiously retaliate!
You headbutt the worm. You slash the worm! You burn the worm.
The worm is severely wounded.
You completely miss the worm. Your headbutt misses the worm.
The worm is severely wounded.
The worm bites you but does no damage.
You hit the worm. You burn the worm.
You kill the worm!
Your butterfly disappears in a burst of colours! x2
No target in view!
No target in view!
f - a scroll of identify
As you read the scroll of identify, it crumbles to dust.
w - a scroll of enchant weapon Your butterfly disappears in a burst of colours!
s - 6 scrolls labelled OSUKKO AHEPT (gained 3)
Your butterfly disappears in a burst of colours!
You swap places.
Your butterfly disappears in a burst of colours!
Your butterfly disappears in a burst of colours!
You see here a worm corpse.
An ogre comes into view. It is wielding a +0 giant club.
The ogre shouts!
An ogre is nearby!
The ogre hits you with a +0 giant club!!
You slash the ogre! You burn the ogre. You headbutt the ogre.
The ogre is heavily wounded.
The ogre hits you with a +0 giant club!!
Ouch! That really hurt!
* * * LOW HITPOINT WARNING * * *
You are too injured to fight recklessly!
You are too injured to fight recklessly!
You hit the ogre. You burn the ogre.
The ogre is heavily wounded.
The ogre attacks as you move away!
The ogre hits you with a +0 giant club!!
You die...

######## ###..@.?.##
#...##O.§§#
#†####.§§§§#
...#######.#.###.§≈§#
#...........# .§§§≈#
#.####..#.#.# ..≈≈≈#
###..#b### §≈.§##
#........# ≈.≈## #
#.#..##.## #§##


You could see an ogre.

Vanquished Creatures
  Sigmund (D:2)
  2 bullfrogs (Sewer)
  4 gnolls
  10 adders
  2 worms
  3 dart slugs
  4 endoplasms
  15 giant cockroaches
  4 goblins
  5 hobgoblins (D:1)
  4 jackals (D:2)
  3 kobolds
  4 quokkas
  4 ball pythons
  2 bats
  17 frilled lizards
  5 rats
89 creatures vanquished.

Vanquished Creatures (others)
  A plant (D:3)
1 creature vanquished.

Grand Total: 90 creatures vanquished

Notes
Turn   | Place    | Note
-------+----------+-------------------------------------------
     0 | D:1      | catcat the Minotaur Cinder Acolyte began the quest for the
                  | Orb.
     0 | D:1      | Reached XP level 1. HP: 19/19 MP: 1/1
   170 | D:1      | Reached skill level 4 in Axes
   191 | D:1      | Found a faded altar of an unknown god.
   203 | D:1      | Reached XP level 2. HP: 20/27 MP: 2/2
   629 | D:1      | Found Novi Omn's Antique Weapon Emporium.
  1066 | D:2      | HP: 1/27 [gnoll/+0 whip (3)]
  1075 | D:1      | Reached XP level 3. HP: 2/33 MP: 3/3
  1364 | D:2      | Reached skill level 5 in Axes
  1548 | D:2      | Reached XP level 4. HP: 36/41 MP: 4/4
  1879 | D:2      | Reached skill level 1 in Armour
  2032 | D:2      | Noticed Sigmund
  2049 | D:2      | Killed Sigmund
  2050 | D:2      | Reached skill level 5 in Fighting
  2050 | D:2      | Reached skill level 6 in Axes
  2050 | D:2      | Reached XP level 5. HP: 43/48 MP: 5/5
  2050 | D:2      | Reached XP level 6. HP: 50/56 MP: 6/6
  2166 | D:3      | Found a glowing drain.
  2185 | Sewer    | Entered a sewer
  2379 | Sewer    | Reached skill level 7 in Axes
  2941 | D:3      | Found a hazy altar of Hepliaklqana.
  3246 | D:3      | Reached XP level 7. HP: 59/61 MP: 7/7
  3472 | D:4      | Mangled by an ogre

Illustrated notes

Levels and vault maps discovered:
D:1:      dpeg_chamrin_arrival_tetris, layout_loops_ring,
          ebering_ecumenical_altar_ruins, serial_shops,
          nicolae_shop_hallway_stairs, minmay_distorted
D:2:      layout_rooms, uniq_sigmund
D:3:      layout_rooms, mainiacjoe_overflow_boulevard, gup_sewer_entry_glass,
          kennysheep_generic_room_11
D:4:      layout_loops_cross, general_overflow_altar, minmay_temple_entry_fiery

Skill      XL: |  1  2  3  4  5  6 |
---------------+-------------------+-----
Axes           | 4 5 6 7 |  7.8
Fighting       | 4 5 |  5.0
Armour         | 3 4 |  4.0
Dodging        | |  0.5
Spellcasting   | |  1.0
Fire Magic     | |  2.1

Action                   |  1- 3 |  4- 6 |  7- 9 || total
-------------------------+-------+-------+-------++-------
Melee: Hand axe          |    61 |   145 |     6 ||   212
       Headbutt          |     9 |    14 |     2 ||    25
       Punch             |       |     1 |       ||     1
Invok: Fiery Armour      |     1 |     2 |       ||     3
  Use: Scroll            |       |       |     6 ||     6
Armor: Robe              |     2 |       |       ||     2
       Scale mail        |    22 |       |       ||    22
       Chain mail        |       |    99 |     2 ||   101
Dodge: Dodged            |    31 |    52 |     1 ||    84
